 Dungeon Crawl Stone Soup version 0.30-a0-352-g1e81539c98 (webtiles) character file.

Game seed: 17349637415410142778

147 Harunobu the Trooper (level 5, 0/33 HPs)
             Began as a Gargoyle Monk on Nov 3, 2022.
             Slain by Pikel
             ... wielding a +1 whip of flaming
              (9 damage)
             ... on level 3 of the Dungeon on Nov 7, 2022.
             The game lasted 00:10:20 (2790 turns).

Harunobu the Trooper (Gargoyle Monk)                Turns: 2790, Time: 00:10:21

Health: 0/33       AC: 12    Str: 21 (22) XL:     5   Next: 29%
Magic:  5/5        EV: 10    Int:  9 (11) God:
Gold:   114        SH:  0    Dex: 10 (12) Spells: 4/4 levels left

rFire   . . .      SeeInvis .    m - +0 whip
rCold   . . .      Faith    .    (no shield)
rNeg    + . .      Spirit   .    v - +0 scale mail
rPois   ∞          Reflect  .    (no helmet)
rElec   +          Harm     .    k - scarf {+Inv}
rCorr   .          Rampage  .    d - +0 pair of gloves
Will    .....                    s - +0 pair of boots
Stlth   +.........               l - amulet of regeneration
HPRegen 1.05/turn                e - +6 ring of strength
MPRegen 0.09/turn                (no ring)

@: no status effects
A: sickness immunity, AC +4, negative energy resistance 1, electricity
resistance, torment resistance 1, petrification resistance
a: Evoke Invisibility


You were on level 3 of the Dungeon.
You visited 1 branch of the dungeon, and saw 4 of its levels.

You collected 179 gold pieces.
You spent 65 gold pieces at shops.

Inventory:

Hand Weapons
 a - a +0 mace
 m - a +0 whip (weapon)
Missiles
 b - a throwing net (quivered)
Armour
 d - a +0 pair of gloves (worn)
 i - a +0 plate armour
 k - a scarf of invisibility (worn)
 s - a +0 pair of boots (worn)
 v - a +0 scale mail (worn)
Jewellery
 e - a +6 ring of strength (left hand)
 l - an amulet of regeneration (around neck)
 q - a +4 ring of evasion
Scrolls
 f - 3 scrolls of teleportation {unknown}
 r - 2 scrolls of identify {unknown}
Potions
 c - a potion of ambrosia
 h - 2 potions of curing {unknown}
 j - 2 potions of degeneration
 n - 2 potions of lignification {unknown}
 o - 2 potions of brilliance {unknown}
 u - 2 potions of attraction {unknown}


   Skills:
 + Level 4.3 Fighting
 + Level 3.7 Maces & Flails
 + Level 3.1 Dodging
 + Level 3.7 Stealth


You had 4 spell levels left.
You didn't know any spells.
Your spell library contained the following spells:

 Spells                   Type           Power      Damage    Failure   Level
 Apportation              Tloc           0%         N/A       75%         1
 Necrotise                Necr           0%         1d4       75%         1
 Sting                    Tmut/Pois      0%         1d3       75%         1
 Summon Small Mammal      Summ           0%         N/A       75%         1
 Poisonous Vapours        Pois/Air       0%         N/A       87%         2
 Dazzling Flash           Conj/Hex       0%         N/A       98%         3
 Iskenderun's Mystic Bla  Conj/Tloc      0%         2d3       100%        4
 Olgreb's Toxic Radiance  Pois           0%         N/A       100%        4
 Starburst                Conj/Fire      0%         6d3       100%        6


Dungeon Overview and Level Annotations

Branches:
Dungeon (4/15)
 Temple: D:4-7

Altars:

Shops:
D:2 *

Annotations:
D:3 Pikel


Innate Abilities, Weirdness & Mutations

You are immune to sickness and miasma.
Your stone body is resilient. (AC +4)
You are immune to poison.
You resist negative energy. (rN+)
You are resistant to electric shocks. (rElec)
You are resistant to unholy torment.
You are immune to petrification.


Message History

Pikel is moderately wounded.
Pikel hits you but does no damage.
You closely miss Pikel.
Pikel is moderately wounded.
Pikel hits you with a +1 whip of flaming.
Pikel burns you.
You hit Pikel but do no damage.
Pikel is moderately wounded.
Pikel closely misses you.
You completely miss Pikel.
Pikel is lightly wounded.
Pikel hits you with a +1 whip of flaming.
Pikel burns you.
You hit Pikel but do no damage. You punch Pikel, but do no damage.
Pikel is lightly wounded.
Pikel closely misses you.
You hit Pikel but do no damage.
Pikel is lightly wounded.
Pikel hits you with a +1 whip of flaming.
Pikel burns you.
It was a potion of degeneration.
There was something very wrong with that liquid.
You feel weakened.
You feel dopey.
You feel clumsy. Pikel misses you.
You hit Pikel but do no damage.
Pikel is lightly wounded.
You barely miss Pikel.
Pikel is lightly wounded.
Pikel hits you with a +1 whip of flaming!
Pikel burns you.
* * * LOW HITPOINT WARNING * * *
Okay, then.
Okay, then.
As you read the scroll labelled MIEWKE ZIMYOWN, it crumbles to dust.
You feel momentarily disoriented.
It was a scroll of magic mapping.
Pikel closely misses you.
This is a scroll of acquirement!
Something appears at your feet!
Pikel hits you with a +1 whip of flaming!
You die...

#.##.# #############. #.##.#
#............. #.##.#
#.###########. #.##.####.# ##
#.##....#.####### #.
#.....).........#####.
#####<#.#######....... #K#.##
#.#####. ###########@...# #.#
#. #.....[...)....######.#####.
#.#########...........).÷##.
#.# #..########....... #.# #..#
#.##.##. ######.## #.[#
#.##.##. ........########..#
##.##.##. ###...............#
####.#.#.##.
#.##..########..####...###.....


You could see Pikel.

Vanquished Creatures
  2 lemures (D:4)
  An orc priest (D:3)
  A gnoll (D:1)
  2 adders
  A worm (D:2)
  3 dart slugs
  7 orcs (D:3)
  4 bats
  4 endoplasms
  3 giant cockroaches
  7 goblins
  7 hobgoblins
  3 jackals (D:4)
  7 quokkas
  A ball python (D:2)
  2 frilled lizards
  9 kobolds
  6 rats
  A toadstool (D:1)
71 creatures vanquished.

Vanquished Creatures (others)
  7 fungi (D:2)
  3 plants (D:2)
  3 toadstools (D:1)
13 creatures vanquished.

Grand Total: 84 creatures vanquished

Notes
Turn   | Place    | Note
-------+----------+-------------------------------------------
     0 | D:1      | Harunobu the Gargoyle Monk began the quest for the Orb.
     0 | D:1      | Reached XP level 1. HP: 14/14 MP: 1/1
   147 | D:1      | Reached XP level 2. HP: 15/19 MP: 2/2
   438 | D:1      | Reached XP level 3. HP: 12/24 MP: 3/3
   639 | D:1      | Upgraded the game from 0.30-a0-341-g682706514a to
                  | 0.30-a0-352-g1e81539c98
   891 | D:2      | Found Joazxere's General Store.
   903 | D:2      | Bought a potion of heal wounds for 65 gold pieces
   925 | D:2      | Found a faded altar of an unknown god.
   958 | D:2      | Reached XP level 4. HP: 29/29 MP: 4/4
  1155 | D:2      | Reached skill level 4 in Fighting
  2290 | D:3      | Reached XP level 5. HP: 9/33 MP: 5/5
  2579 | D:4      | Noticed a lemure
  2580 | D:4      | Noticed a lemure
  2615 | D:4      | Killed a lemure
  2637 | D:4      | Killed a lemure
  2748 | D:4      | Noticed Pikel
  2751 | D:4      | Noticed a lemure
  2757 | D:4      | Noticed a lemure
  2790 | D:3      | Identified a scroll of acquirement
  2790 | D:3      | Acquired an amulet of guardian spirit
  2790 | D:3      | Slain by Pikel

Illustrated notes

Levels and vault maps discovered:
D:1:      ldierk_water_garden, layout_rooms, nrook_campfire
D:2:      layout_basic, serial_shops, nicolae_shop_crystal,
          shapermc_ecumenical_altar_mp_urbaneastern, kennysheep_another_room
D:3:      layout_loops_ring
D:4:      layout_basic, cheibrodos_worm_habitat, uniq_pikel, uniq_menkaure

Skill      XL: |  1  2  3  4 |
---------------+-------------+-----
Stealth        | 3 |  3.7
Fighting       | 4 |  4.3
Dodging        | 3 |  3.1
Maces & Flails | |  3.7

Action                   |  1- 3 |  4- 6 || total
-------------------------+-------+-------++-------
Melee: Mace              |    91 |       ||    91
       Whip              |    22 |   229 ||   251
       Punch             |       |     4 ||     4
  Use: Potion            |       |     3 ||     3
       Scroll            |       |     2 ||     2
Armor: Plate armour      |    87 |    66 ||   153
       Robe              |     3 |       ||     3
       Scale mail        |       |    34 ||    34
Dodge: Dodged            |    40 |    80 ||   120

Table legend: (Time is in decaauts)
 A = Elapsed time spent in this place.
 B = Non-inter-level travel time spent in this place.
 C = Inter-level travel time spent in this place.
 D = Time resting spent in this place.
 E = Time spent auto-exploring this place.
 F = Levels seen in this place.
 G = Mean time per level.
                   A        B        C        D        E       F      G
               +--------+--------+--------+--------+--------+-----+--------+
         Total |   2790 |   2645 |    145 |    547 |   1232 |   4 |  697.5 |
       Dungeon |   2790 |   2645 |    145 |    547 |   1232 |   4 |  697.5 |
               +--------+--------+--------+--------+--------+-----+--------+

Top non-repeatable levels by time:
     D:3: 941 daAuts
     D:1: 843 daAuts
     D:2: 821 daAuts
     D:4: 183 daAuts
